 Dungeon Crawl Stone Soup version 0.30-a0-694-g3340775977 (webtiles) character file.

Game seed: 11503099372509560138

5623 Fenrisus the Fighter (level 11, 0/117 HPs)
             Began as a Formicid Hunter on Jan 20, 2023.
             Was a Follower of Hepliaklqana.
             Succumbed to a hornet's poison
             ... on level 7 of the Dungeon.
             The game lasted 00:39:21 (6647 turns).

Fenrisus the Fighter (Formicid Hunter)              Turns: 6647, Time: 00:39:21

Health: 0/117      AC: 25    Str: 11 (14) XL:     11   Next: 3%
Magic:  11/11      EV:  2    Int: 13 (14) God:    Hepliaklqana [*.....]
Gold:   366        SH:  5    Dex: 19 (20) Spells: 10/10 levels left

rFire   . . .      SeeInvis .    a - +3 shortbow (flame)
rCold   . . .      Faith    .    (no shield)
rNeg    . . .      Spirit   .    (body armour currently unavailable)
rPois   +          Reflect  +    (helmet unavailable)
rElec   .          Harm     .    (cloak currently unavailable)
rCorr   .          Rampage  .    (gloves currently unavailable)
Will    +....      Clarity  +    (boots currently unavailable)
Stlth   ++++                     c - amulet of reflection
HPRegen 0.39/turn                j - +4 ring of slaying
MPRegen 0.12/turn                (no ring)

@: mighty, lethally poisoned (0 -> -3), tree-form, invisible
A: stationary, stasis, torment immunity, boosted hp, reduced essence, permanent
stasis, dig shafts and tunnels, (antennae 3), four strong arms, (fangs 1),
clarity, clever 1, noise suppression
a: Renounce Religion, Recall Ancestor, Ancestor Identity


You were on level 7 of the Dungeon.
You worshipped Hepliaklqana.
Hepliaklqana was aware of your devotion.
You were a tree.
You visited 2 branches of the dungeon, and saw 8 of its levels.

You collected 366 gold pieces.

Inventory:

Hand Weapons
 a - a +3 shortbow of flaming (weapon)
 i - the +4 quarterstaff of the Gloaming {freeze, rF+}
   (You took it off a wizard on level 7 of the Dungeon)

   rF:        It protects you from fire.
 x - a +2 broad axe of flaming
Armour
 b - +0 acid dragon scales
 l - a +0 chain mail
 q - the +1 leather armour of Mety (melded) {rElec Will+ Str+3 Dex+3}
   (You found it on level 5 of the Dungeon)

   Str:       It affects your strength (+3).
   Dex:       It affects your dexterity (+3).
   rElec:     It insulates you from electricity.
   Will:      It increases your willpower.
 w - +0 swamp dragon scales
Jewellery
 c - an amulet of reflection (around neck)
 j - a +4 ring of slaying (left branch)
 m - a ring of wizardry
Wands
 f - a wand of flame (4)
 k - a wand of iceblast (3)
Scrolls
 e - a scroll of magic mapping
 t - a scroll of identify
 u - a scroll of amnesia
Potions
 d - a potion of cancellation


   Skills:
 + Level 8.9 Fighting
 + Level 8.9 Ranged Weapons
 + Level 5.0 Armour
 + Level 7.4 Dodging
 - Level 8.3 Stealth


You had 10 spell levels left.
You didn't know any spells.
Your spell library contained the following spells:

 Spells                   Type           Power      Damage    Failure   Level
 Necrotise                Necr           0%         1d4       30%         1
 Sandblast                Erth           0%         2d4       30%         1
 Slow                     Hex            0%         N/A       30%         1
 Summon Small Mammal      Summ           0%         N/A       30%         1
 Ensorcelled Hibernation  Hex/Ice        0%         N/A       43%         2
 Passwall                 Tmut/Erth      0%         N/A       43%         2
 Call Canine Familiar     Summ           0%         N/A       67%         3
 Confusing Touch          Hex            0%         N/A       67%         3
 Ozocubu's Armour         Ice            0%         N/A       67%         3
 Spider Form              Tmut/Pois      0%         N/A       67%         3
 Stone Arrow              Conj/Erth      0%         3d7       67%         3
 Summon Guardian Golem    Hex/Summ       0%         N/A       67%         3
 Vampiric Draining        Necr           0%         2d6       67%         3
 Anguish                  Hex/Necr       0%         N/A       97%         4
 Manifold Assault         Tloc           0%         N/A       97%         4
 Agony                    Necr           0%         N/A       100%        5
 Metabolic Englaciation   Hex/Ice        0%         N/A       100%        5
 Simulacrum               Ice/Necr       0%         N/A       100%        6
 Storm Form               Tmut/Air       0%         N/A       100%        7
 Blink                    Tloc           Unusable   N/A       N/A         2
 Swiftness                Air            Unusable   N/A       N/A         3

Dungeon Overview and Level Annotations

Branches:
Dungeon (7/15)             Temple (1/1) D:5

Altars:
Ashenzari
Cheibriados
Dithmenos
Fedhas
Gozag
Hepliaklqana
Makhleb
Nemelex Xobeh
Ru
Trog
Uskayaw
Yredelemnul
Zin
The Shining One

Annotations:
D:5 Dowan, Duvessa


Innate Abilities, Weirdness & Mutations

You are a tree.
Your roots penetrate the ground, keeping you stationary.
You cannot be teleported.
You are immune to unholy pain and torment.
Your maximum health is greatly increased.
Your equipment is partially melded.
Your life essence is reduced to manifest your ancestor. (-10% HP)
You cannot be hasted, slowed, berserked, paralysed or teleported.
You can dig through walls and to a lower floor.
((You have a pair of large antennae on your head. (SInv)))
Your four strong arms can wield two-handed weapons with a shield.
((You have very sharp teeth.))
You possess an exceptional clarity of mind.
Your mind is acute. (Int +4, Str/Dex -1)
You passively dampen the noise of your surroundings.


Message History

The puff of flame hits the hornet.
You kill the hornet!
* * * LOW HITPOINT WARNING * * *
You feel very sick.
You shoot an arrow. The arrow hits the shadow imp!
The arrow burns the shadow imp.
You kill the shadow imp!
* * * LOW HITPOINT WARNING * * *
You feel very sick.
Your Armour skill increases to level 5!
It was a potion of mutation.
You feel extremely strange.
You feel clever.
You feel your surroundings grow quieter.
Your teeth lengthen and sharpen.
Your thoughts seem clearer.
* * * LOW HITPOINT WARNING * * *
You feel very sick.
It was a potion of lignification.
You turn into a tree.
The +1 leather armour of Mety {rElec Will+ Str+3 Dex+3} melds into your body.
Your roots penetrate the ground.
* * * LOW HITPOINT WARNING * * *
You feel very sick.
It was a potion of haste.
Your stasis prevents you from being hasted.
* * * LOW HITPOINT WARNING * * *
You feel sick.
A gnoll sergeant comes into view. It is wielding a +0 trident.
It was a potion of invisibility.
You fade into invisibility!
* * * LOW HITPOINT WARNING * * *
You feel sick.
The gnoll sergeant hits you but does no damage.
It was a potion of degeneration.
There was something very wrong with that liquid.
You feel weakened.
You feel dopey.
You feel clumsy.
* * * LOW HITPOINT WARNING * * *
You feel sick.
The gnoll sergeant hits you but does no damage.
It was a potion of might.
You feel very mighty all of a sudden.
You die...

.........# ♣..{#####'..♣
#.##.....# { ♣..§........♣
#†##)....# { ♣...§.......♣
..##.(.(.#{ ♣.♣ ####.....#
♣)♣ ..)......####### #♣)♣#
####.....#..†..# ♣♣†..♣
.#####.#.#.♣♣♣)♣♣♣ ♣♣)♣.♣.♣
..# #.....♣ ♣..♣♣♣♣{♣♣.♣♣.♣
..# ###.#.♣♣♣.♣♣.♣.♣♣♣.♣ ♣.♣
#.# #.#.....#♣♣g♣♣ ♣.♣ ♣.♣
#.## #.################# ##
...#####.#####....>..###.###
...........................#
...#####.#####........##.#.#
#### #.#
#......#.##.#.######
#.......#...##.##.........


You could see a gnoll sergeant (unable to see you).

Vanquished Creatures
  A wizard (D:7)
  Pikel (D:5)
  A cyclops (D:7)
  Maggie (D:6)
  A hornet (D:7)
  Eustachio (D:4)
  A basilisk (D:7)
  A steam dragon (D:7)
  An acid dragon (D:7)
  2 water moccasins (D:6)
  3 ice beasts
  2 sky beasts (D:7)
  2 orc warriors (D:7)
  3 black bears
  A centaur (D:7)
  A lemure (D:5)
  A phantom (D:6)
  4 bullfrogs (D:7)
  4 scorpions
  3 wights (D:7)
  A killer bee (D:7)
  6 howler monkeys
  3 jellies
  2 hounds (D:6)
  4 orc priests
  A gnoll bouda (D:4)
  5 iguanas
  Ijyb (D:4)
  3 orc wizards
  3 gnolls (D:4)
  9 adders
  2 shadow imps
  4 white imps
  An ufetubus (D:6)
  A dart slug (D:4)
  18 orcs
  6 ball pythons
  11 endoplasms
  5 giant cockroaches
  5 goblins
  12 hobgoblins
  3 jackals (D:1)
  A quokka (D:5)
  2 bats (D:2)
  4 frilled lizards
  9 kobolds
  7 rats
164 creatures vanquished.

Vanquished Creatures (collateral kills)
  A water moccasin (D:7)
  A centaur (D:7)
  2 bullfrogs (D:7)
  A wight (D:7)
  A jelly (D:7)
  An iguana (D:7)
7 creatures vanquished.

Vanquished Creatures (others)
  5 ancestors (D:7)
  49 plants (D:5)
54 creatures vanquished.

Grand Total: 225 creatures vanquished

Notes
Turn   | Place    | Note
-------+----------+-------------------------------------------
     0 | D:1      | Fenrisus the Formicid Hunter began the quest for the Orb.
     0 | D:1      | Reached XP level 1. HP: 16/16 MP: 1/1
    52 | D:1      | Reached XP level 2. HP: 23/23 MP: 2/2
   246 | D:1      | Reached XP level 3. HP: 28/28 MP: 3/3
   955 | D:2      | Reached XP level 4. HP: 34/34 MP: 4/4
  1580 | D:3      | Reached XP level 5. HP: 41/41 MP: 5/5
  2034 | D:4      | Reached XP level 6. HP: 17/47 MP: 6/6
  2270 | D:4      | Reached skill level 5 in Ranged Weapons
  2732 | D:4      | Reached XP level 7. HP: 27/54 MP: 7/7
  2814 | D:4      | Noticed Ijyb
  2817 | D:4      | Killed Ijyb
  2952 | D:4      | Noticed Eustachio
  2982 | D:4      | Killed Eustachio
  2983 | D:4      | Reached skill level 5 in Stealth
  3700 | D:5      | Entered Level 5 of the Dungeon
  3744 | D:5      | Reached XP level 8. HP: 49/61 MP: 8/8
  3937 | D:5      | Found a staircase to the Ecumenical Temple.
  3947 | Temple   | Entered the Ecumenical Temple
  3952 | Temple   | Became a worshipper of Hepliaklqana the Forgotten
  3978 | D:5      | Identified the +1 leather armour of Mety {rElec Will+ Str+3
                  | Dex+3}
  4218 | D:5      | Noticed Duvessa
  4218 | D:5      | Noticed Dowan
  4344 | D:5      | Reached skill level 5 in Fighting
  4526 | D:5      | Noticed Pikel
  4536 | D:5      | Killed Pikel
  4675 | D:6      | Reached skill level 5 in Dodging
  4677 | D:6      | Reached XP level 9. HP: 69/69 MP: 9/9
  4752 | D:6      | Found a basalt altar of Yredelemnul.
  4755 | D:6      | Found a hide-covered altar of Uskayaw.
  4759 | D:6      | Found a broken altar of Ashenzari.
  4783 | D:6      | Found a snail-covered altar of Cheibriados.
  5017 | D:6      | Reached * piety under Hepliaklqana
  5108 | D:6      | Noticed Maggie
  5112 | D:6      | Killed Maggie
  5626 | D:7      | Reached skill level 1 in Armour
  5827 | D:7      | Noticed a cyclops
  5832 | D:7      | Killed a cyclops
  5833 | D:7      | Reached XP level 10. HP: 68/71 MP: 10/10
  6147 | D:7      | Identified the +4 quarterstaff of the Gloaming {freeze,
                  | rF+}
  6147 | D:7      | Noticed a wizard
  6161 | D:7      | Killed a wizard
  6423 | D:7      | Noticed a gargoyle
  6554 | D:7      | Noticed a gargoyle
  6618 | D:7      | Reached XP level 11. HP: 77/78 MP: 11/11
  6642 | D:7      | Reached skill level 5 in Armour
  6642 | D:7      | Gained mutation: Your mind is acute. (Int +4, Str/Dex -1)
                  | [potion of mutation]
  6642 | D:7      | Gained mutation: You passively dampen the noise of your
                  | surroundings. [potion of mutation]
  6642 | D:7      | Gained mutation: You have very sharp teeth. [potion of
                  | mutation]
  6642 | D:7      | Gained mutation: You possess an exceptional clarity of
                  | mind. [potion of mutation]
  6643 | D:7      | HP: 5/117 [poisoned by a hornet]
  6645 | D:7      | HP: 2/117 [poisoned by a hornet]
  6647 | D:7      | Succumbed to a hornet's poison

Illustrated notes

Levels and vault maps discovered:
D:1:      dpeg_arrival_pits, layout_loops_ring
D:2:      layout_rooms, minivault_24, kennysheep_generic_room_11
D:3:      layout_rooms
D:4:      layout_basic, minmay_starry_boxes, uniq_ijyb, uniq_eustachio
D:5:      dreamdust_elfheim, layout_basic, minmay_temple_entry_drinking_statues,
          serial_bayou, serial_bayou_ford_a, serial_bayou_lagoon_b,
          serial_bayou_lagoon_a, serial_bayou_pond_d, uniq_pikel
D:6:      layout_loops_ring, lemuel_doored_altar, grunt_temple_overflow_diamond,
          uniq_maggie
D:7:      nzn_winding_woodlands_large [nzn_winding_woodlands_5x5_three,
          nzn_winding_woodlands_5x15_eye, nzn_winding_woodlands_5x5_cross,
          nzn_winding_woodlands_center_diamonds,
          nzn_winding_woodlands_15x15_killbox,
          nzn_winding_woodlands_center_pierced_h,
          nzn_winding_woodlands_5x5_open_star,
          nzn_winding_woodlands_5x15_sawtooth,
          nzn_winding_woodlands_5x5_perimeter], layout_loops_cross,
          enter_ossuary_4, grunt_decor_arrowhead
Temple:   hellmonk_temple_micro_hex

Skill      XL: |  1  2  3  4  5  6  7  8  9 10 11 |
---------------+----------------------------------+-----
Dodging        | 2 3 4 5 6 7 |  7.4
Stealth        | 2 3 4 5 6 8 |  8.3
Fighting       | 3 4 6 7 8 |  8.9
Ranged Weapons | 5 6 7 8 |  8.9
Armour         | 2 4 5 |  5.0

Action                   |  1- 3 |  4- 6 |  7- 9 | 10-12 || total
-------------------------+-------+-------+-------+-------++-------
 Fire: Shortbow          |    81 |   111 |   166 |    79 ||   437
Evoke: Wand              |       |       |    12 |    25 ||    37
  Use: Scroll            |     5 |     5 |     9 |     3 ||    22
       Potion            |       |     1 |     5 |     7 ||    13
Armor: Leather armour    |     9 |     1 |     2 |     2 ||    14
       Chain mail        |       |    22 |    19 |       ||    41
       Skin              |       |       |       |     2 ||     2
Dodge: Dodged            |    14 |    22 |    18 |    20 ||    74
Block: Other             |       |    10 |    10 |     4 ||    24

Table legend: (Time is in decaauts)
 A = Elapsed time spent in this place.
 B = Non-inter-level travel time spent in this place.
 C = Inter-level travel time spent in this place.
 D = Time resting spent in this place.
 E = Time spent auto-exploring this place.
 F = Levels seen in this place.
 G = Mean time per level.
                   A        B        C        D        E       F      G
               +--------+--------+--------+--------+--------+-----+--------+
         Total |   6834 |   2811 |   4023 |   1325 |    359 |   8 |  854.2 |
       Dungeon |   6823 |   2808 |   4015 |   1325 |    359 |   7 |  974.7 |
        Temple |     10 |      2 |      8 |      0 |      0 |   1 |   10.0 |
               +--------+--------+--------+--------+--------+-----+--------+

Top non-repeatable levels by time:
     D:4: 1790 daAuts
     D:7: 1200 daAuts
     D:5: 946 daAuts
     D:1: 920 daAuts
     D:6: 849 daAuts
     D:2: 569 daAuts
     D:3: 546 daAuts
  Temple: 10 daAuts
